 Dungeon Crawl Stone Soup version 0.31-a0-188-g5e087ee2ca (webtiles) character file.

Game seed: 18251641640317027518

139 qw the Skirmisher (level 5, 0/29 HPs)
             Began as a Deep Elf Hunter on June 23, 2023.
             Slain by an adder (3 damage)
             ... on level 3 of the Dungeon.
             The game lasted 00:00:53 (1583 turns).

qw the Skirmisher (Deep Elf Hunter)                 Turns: 1583, Time: 00:00:53

Health: 0/29       AC:  5    Str: 14    XL:     5   Next: 1%
Magic:  7/7        EV: 11    Int: 14    God:
Gold:   85         SH:  0    Dex: 20    Spells: 4/4 levels left

rFire   . . .        Y - +0 shortbow
rCold   . . .        (shield currently unavailable)
rNeg    . . .        a - +0 ring mail
rPois   .            (no helmet)
rElec   .            (no cloak)
rCorr   .            (no gloves)
SInv    .            (no boots)
Will    .....        (no amulet)
Stlth   +            j - +6 ring of strength
HPRegen 0.24/turn    (no ring)
MPRegen 0.10/turn

%: no passive effects
@: lethally poisoned (0 -> -7)
A: no striking features
a: no special abilities


You were on level 3 of the Dungeon.
You visited 1 branch of the dungeon, and saw 3 of its levels.

You collected 85 gold pieces.


   Skills:
 - Level 1.5 Fighting
 + Level 8.4 Ranged Weapons
 - Level 2.4 Dodging
 - Level 1.2 Stealth


You had 4 spell levels left.
You didn't know any spells.
Your spell library was empty.

Inventory:

Hand Weapons
 Y - a +0 shortbow (weapon)
Armour
 a - a +0 ring mail (worn)
Jewellery
 j - a +6 ring of strength (left hand)
Potions
 b - a potion of lignification {unknown}
 d - a potion of heal wounds {unknown}
 i - a potion of might {unknown}
 k - a potion of degeneration {unknown}
 l - a potion of brilliance {unknown}

Dungeon Overview and Level Annotations

Branches:
Dungeon (3/15)

Altars:


Message History

You shoot an arrow. The arrow hits the adder.
The adder is moderately wounded.
The adder barely misses you. The orc hits you with a +0 short sword.
The hobgoblin hits you but does no damage.
The adder barely misses you.
You shoot an arrow. The arrow hits the adder.
The adder is severely wounded.
The orc misses you. The hobgoblin hits you.
The adder bites you but does no damage.
You shoot an arrow. The arrow barely misses the adder.
The orc completely misses you. The adder bites you.
The hobgoblin barely misses you.
You shoot an arrow.
The arrow hits the adder but does no damage.
The adder is severely wounded.
The adder bites you but does no damage. The orc hits you but does no damage.
The hobgoblin barely misses you. The adder bites you.
You shoot an arrow. The arrow closely misses the adder.
The orc hits you but does no damage. The hobgoblin closely misses you.
The adder misses you. The orc hits you but does no damage.
The hobgoblin hits you.
You shoot an arrow.
The arrow hits the adder but does no damage.
The adder is severely wounded.
The adder barely misses you. The orc hits you with a +0 short sword.
The hobgoblin hits you but does no damage.
The adder bites you.
You are poisoned.
The adder poisons you!
You shoot an arrow. The arrow hits the adder.
The adder is almost dead.
You feel sick. The adder closely misses you.
The orc hits you but does no damage.
The hobgoblin hits you but does no damage.
You shoot an arrow. The arrow closely misses the adder.
You feel sick. The adder bites you.
You are lethally poisoned!
The adder poisons you! The orc completely misses you.
The hobgoblin barely misses you. The adder bites you.
You die...

##########
#.........
#.%.......
#.@g....#
#.oS###.#
#.#... ..
#### ...
#.#.
#.#.#. ##
#...#. ..
#. ### .#


You could see an adder, an orc and a hobgoblin.

Vanquished Creatures
  2 orc priests (D:3)
  3 adders (D:2)
  2 worms
  A dart slug (D:1)
  3 orcs (D:3)
  6 ball pythons
  3 endoplasms (D:1)
  A giant cockroach (D:2)
  3 goblins
  A hobgoblin (D:2)
  4 jackals (D:1)
  2 kobolds (D:2)
  3 quokkas
  5 bats
  2 frilled lizards
  5 rats
46 creatures vanquished.

Notes
Turn   | Place    | Note
-------+----------+-------------------------------------------
     0 | D:1      | qw the Deep Elf Hunter began the quest for the Orb.
     0 | D:1      | Reached XP level 1. HP: 12/12 MP: 3/3
     0 | D:1      | 0 ||| qw: Version: 0.3-a-9-g12657ce
     0 | D:1      | 0 ||| qw: Game counter: 4212
     0 | D:1      | 0 ||| qw: Always use a shield: true
     0 | D:1      | 0 ||| qw: God list: Okawaru
     0 | D:1      | 0 ||| qw: Allow faded altars: false
     0 | D:1      | 0 ||| qw: Do Orc after D:15 true
     0 | D:1      | 0 ||| qw: Do second Lair branch before Depths: true
     0 | D:1      | 0 ||| qw: Lair rune preference: random
     0 | D:1      | 0 ||| qw: Plans: Normal
     0 | D:1      | 0 ||| PLANNING D:1-11
   194 | D:1      | Reached skill level 6 in Ranged Weapons
   194 | D:1      | Reached XP level 2. HP: 16/16 MP: 4/4
   405 | D:1      | Found a faded altar of an unknown god.
   750 | D:1      | 750 ||| UPGRADING to +0 scale mail.
   760 | D:1      | 760 ||| DROPPING +0 leather armour.
   761 | D:1      | 761 ||| UPGRADING to +6 ring of strength.
   762 | D:1      | 762 ||| READING scroll labelled TOGHOU POUBYTY.
   763 | D:1      | 763 ||| READING scroll labelled HEAROW FOMOIS.
   764 | D:1      | 764 ||| READING scroll labelled FEDODI XIUCLA.
   765 | D:1      | 765 ||| DROPPING scroll of butterflies.
   865 | D:2      | Reached XP level 3. HP: 20/20 MP: 5/5
  1225 | D:2      | Reached skill level 7 in Ranged Weapons
  1348 | D:2      | You fall into a shaft and drop 1 floor!
  1356 | D:3      | Reached XP level 4. HP: 25/25 MP: 6/6
  1441 | D:3      | 1441 ||| UPGRADING to +0 ring mail.
  1451 | D:3      | 1451 ||| DROPPING +0 scale mail.
  1452 | D:3      | 1452 ||| READING scroll labelled TUETRAAHIN.
  1453 | D:3      | 1453 ||| READING 2 scrolls labelled POHUWK ETID.
  1461 | D:3      | Reached skill level 8 in Ranged Weapons
  1506 | D:3      | 1506 ||| Stepping randomly (stuck).
  1507 | D:3      | 1507 ||| Stepping randomly (stuck).
  1508 | D:3      | 1508 ||| Stepping randomly (stuck).
  1509 | D:3      | 1509 ||| Stepping randomly (stuck).
  1510 | D:3      | 1510 ||| Stepping randomly (stuck).
  1511 | D:3      | 1511 ||| Stepping randomly (stuck).
  1512 | D:3      | 1512 ||| Stepping randomly (stuck).
  1513 | D:3      | 1513 ||| Stepping randomly (stuck).
  1514 | D:3      | 1514 ||| Stepping randomly (stuck).
  1515 | D:3      | 1515 ||| Stepping randomly (stuck).
  1516 | D:3      | 1516 ||| Stepping randomly (stuck).
  1517 | D:3      | 1517 ||| Stepping randomly (stuck).
  1518 | D:3      | 1518 ||| Stepping randomly (stuck).
  1519 | D:3      | 1519 ||| Stepping randomly (stuck).
  1520 | D:3      | 1520 ||| Stepping randomly (stuck).
  1521 | D:3      | 1521 ||| Stepping randomly (stuck).
  1522 | D:3      | 1522 ||| Stepping randomly (stuck).
  1523 | D:3      | 1523 ||| Stepping randomly (stuck).
  1524 | D:3      | 1524 ||| Stepping randomly (stuck).
  1525 | D:3      | 1525 ||| Stepping randomly (stuck).
  1526 | D:3      | 1526 ||| Stepping randomly (stuck).
  1527 | D:3      | 1527 ||| Stepping randomly (stuck).
  1528 | D:3      | 1528 ||| Stepping randomly (stuck).
  1529 | D:3      | 1529 ||| Stepping randomly (stuck).
  1530 | D:3      | 1530 ||| Stepping randomly (stuck).
  1531 | D:3      | 1531 ||| Stepping randomly (stuck).
  1533 | D:3      | 1533 ||| Stepping randomly (stuck).
  1534 | D:3      | 1534 ||| Stepping randomly (stuck).
  1535 | D:3      | 1535 ||| Stepping randomly (stuck).
  1536 | D:3      | 1536 ||| Stepping randomly (stuck).
  1539 | D:3      | Reached XP level 5. HP: 29/29 MP: 7/7
  1539 | D:3      | 1539 ||| Stepping randomly (stuck).
  1540 | D:3      | 1540 ||| Stepping randomly (stuck).
  1541 | D:3      | 1541 ||| Stepping randomly (stuck).
  1542 | D:3      | 1542 ||| Stepping randomly (stuck).
  1543 | D:3      | 1543 ||| Stepping randomly (stuck).
  1544 | D:3      | 1544 ||| Stepping randomly (stuck).
  1545 | D:3      | 1545 ||| Stepping randomly (stuck).
  1546 | D:3      | 1546 ||| Stepping randomly (stuck).
  1547 | D:3      | 1547 ||| Stepping randomly (stuck).
  1548 | D:3      | 1548 ||| Stepping randomly (stuck).
  1549 | D:3      | 1549 ||| Stepping randomly (stuck).
  1550 | D:3      | 1550 ||| Stepping randomly (stuck).
  1551 | D:3      | 1551 ||| Stepping randomly (stuck).
  1552 | D:3      | 1552 ||| Stepping randomly (stuck).
  1553 | D:3      | 1553 ||| Stepping randomly (stuck).
  1554 | D:3      | 1554 ||| Stepping randomly (stuck).
  1555 | D:3      | 1555 ||| Stepping randomly (stuck).
  1556 | D:3      | 1556 ||| Stepping randomly (stuck).
  1557 | D:3      | 1557 ||| Stepping randomly (stuck).
  1558 | D:3      | 1558 ||| Stepping randomly (stuck).
  1559 | D:3      | 1559 ||| Stepping randomly (stuck).
  1560 | D:3      | 1560 ||| READING scroll of teleportation.
  1581 | D:3      | HP: 6/29 [adder (3)]
  1583 | D:3      | Slain by an adder

Levels and vault maps discovered:
D:1:      roderic_crop_circles_arrival_small, layout_basic,
          hellmonk_ecumenical_altar_zigzags
D:2:      layout_basic, uniq_robin
D:3:      layout_basic

Skill      XL: |  1  2  3  4 |
---------------+-------------+-----
Ranged Weapons | 6 7 8 |  8.4
Fighting       | |  1.5
Dodging        | |  2.4
Stealth        | |  1.2

Action                     |  1- 3 |  4- 6 || total
---------------------------+-------+-------++-------
   Fire: Shortbow          |    90 |    42 ||   132
    Use: Scroll            |     3 |     3 ||     6
 Armour: Scale mail        |    16 |     1 ||    17
         Ring mail         |       |    19 ||    19
  Dodge: Dodged            |    15 |    28 ||    43

Table legend:
 A = Non-vault XP
 B = Vault XP
 C = Vault XP percentage of total XP
 D = Non-vault monster count
 E = Vault monster count
 F = Vault count percentage of total count
                 A         B        C        D         E       F
            +---------+---------+-------+---------+---------+-------
      Total |     199 |       0 |   0.0 |      46 |       0 |   0.0
            +---------+---------+-------+---------+---------+-------
        D:1 |      33 |       0 |   0.0 |      19 |       0 |   0.0
        D:2 |      63 |       0 |   0.0 |      18 |       0 |   0.0
        D:3 |     103 |       0 |   0.0 |       9 |       0 |   0.0
            +---------+---------+-------+---------+---------+-------
